 Dungeon Crawl Stone Soup version 0.32-a0-928-g1cae6b7ea0 (webtiles) character file.

Game seed: 12337398701148176768

3 Sabo the Charlatan (level 1, 15/15 HPs)
             Began as a Demonspawn Artificer on Apr 12, 2024.
             Was a Follower of Kikubaaqudgha.
             Got out of the dungeon alive.
             The game lasted 00:01:33 (189 turns).

Sabo the Charlatan (Demonspawn Artificer)            Turns: 189, Time: 00:01:34

Health: 15/15      AC:  3    Str: 12    XL:     1   Next: 41%
Magic:  1/1        EV: 10    Int: 11    God:    Kikubaaqudgha [*.....]
Gold:   0          SH:  0    Dex: 13    Spells: 0/0 levels left

rFire   . . .        f - +0 whip
rCold   . . .        (no shield)
rNeg    . . .        b - +0 leather armour
rPois   .            (no helmet)
rElec   .            (no cloak)
rCorr   .            (no gloves)
SInv    .            (no boots)
Will    .....        (no amulet)
Stlth   +            (no ring)
HPRegen 0.22/turn    (no ring)
MPRegen 0.07/turn

%: no passive effects
@: no status effects
A: no striking features
a: Renounce Religion, Unearth Wretches


You escaped.
You worshipped Kikubaaqudgha.
Kikubaaqudgha was aware of your devotion.
You visited 1 branch of the dungeon, and saw 1 of its levels.

Inventory:

Hand Weapons
 a - a +0 club
 f - a +0 whip (weapon)
Armour
 b - a +0 leather armour (worn)
Wands
 c - a wand of flame (15) (quivered)
 d - a wand of charming (15)
 e - a wand of iceblast (5)
Scrolls
 h - a scroll of amnesia {unknown}
Potions
 g - a potion of might {unknown}


   Skills:
 + Level 1.0 Fighting
 + Level 2.0 Armour
 + Level 0.8 Dodging
 + Level 0.8 Stealth
 + Level 3.1 Evocations


You couldn't memorise any spells.
You didn't know any spells.
Your spell library contained the following spells:

 Spells                   Type           Power      Damage    Failure   Level
 Necrotise                Necr           0%         1d4       41%         1
 Sublimation of Blood     Necr           0%         N/A       56%         2
 Fugue of the Fallen      Necr           0%         N/A       80%         3
 Vampiric Draining        Necr           0%         2d6       80%         3


Dungeon Overview and Level Annotations

Branches:
Dungeon (1/15)

Altars:
Kikubaaqudgha


Message History

You kill the kobold!
Your Armour skill increases to level 2!
Things that are here:
a +0 whip; a kobold corpse You start resting.
HP restored.
Things that are here:
a +0 whip; a kobold corpse
Things that are here:
a +0 whip; a kobold corpse
f - a +0 whip
f - a +0 whip (weapon)
There is a faded altar of an unknown god here.
You see here a -3 mace.
This altar belongs to (a) Kikubaaqudgha, (b) Okawaru or (c) Dithmenos, but you can't tell which.
Press the corresponding letter to learn more about a god, or press enter to convert or escape to cancel.
Kikubaaqudgha accepts your prayer! Kikubaaqudgha welcomes you!
You can now bring forth the wretched and dying.
Kikubaaqudgha grants you a gift!
You add the spells Necrotise, Sublimation of Blood, Fugue of the Fallen and Vampiric Draining to your library.
There is a stone staircase leading down here.
Found a short sword.
Found a scroll labelled ZAITIN KIOMPUY.
Found a golden potion.
Found a mace.
A frilled lizard comes into view.
The frilled lizard hisses angrily.
You see here a scroll labelled ZAITIN KIOMPUY.
You hit the frilled lizard.
You kill the frilled lizard!
Kikubaaqudgha accepts your kill.
You see here a frilled lizard corpse.
You see here a frilled lizard corpse.
g - a golden potion
h - a scroll labelled ZAITIN KIOMPUY You open the door.
There is an open door here.
There is a staircase leading out of the dungeon here.
You can't go down here!
You have escaped!

#.....#.# ####### #.#
#....)#.######.....###.#
#.†....................#
#..................#####
#.#.....##'##........#
#.......#...#........#
#.###.###.♣.###.###.##
#.
#.#.......#.###.#######
#
#.#)♣.@.♣.#.#..........
#.#.......#.#..########
#.###.♣.###.#..# # #..
#...#...#..# #
#...##'##...#..########
#..............##......
......#######...##......
#####. ##..##...... #
#..##......


There were no monsters in sight!

Vanquished Creatures
  A kobold (D:1)
  2 bats (D:1)
  A frilled lizard (D:1)
4 creatures vanquished.

Notes
Turn   | Place    | Note
-------+----------+-------------------------------------------
     0 | D:1      | Sabo the Demonspawn Artificer began the quest for the Orb.
     0 | D:1      | Reached XP level 1. HP: 15/15 MP: 1/1
    93 | D:1      | Found a faded altar of an unknown god.
   130 | D:1      | Prayed at the altar of an unknown god.
   130 | D:1      | Became a worshipper of Kikubaaqudgha
   130 | D:1      | Reached * piety under Kikubaaqudgha
   130 | D:1      | Received a gift from Kikubaaqudgha
   189 | D:$      | Got out of the dungeon alive.

Illustrated notes

Levels and vault maps discovered:
D:1:      dpeg_arrival_simpleton_c, layout_basic, ebering_ecumenical_altar_rust,
          hangedman_decor_clover_reticule

Skill      XL: |  1 |
---------------+----+-----
Armour         | 2 |  2.0
Fighting       | |  1.0
Dodging        | |  0.8
Stealth        | |  0.8
Evocations     | |  3.1

Action                     || total
---------------------------++-------
  Melee: Club              ||    13
         Whip              ||     1
 Armour: Leather armour    ||    11
  Dodge: Dodged            ||    15

Table legend: (Time is in decaauts)
 A = Elapsed time spent in this place.
 B = Non-inter-level travel time spent in this place.
 C = Inter-level travel time spent in this place.
 D = Time resting spent in this place.
 E = Time spent auto-exploring this place.
 F = Levels seen in this place.
 G = Mean time per level.
                   A        B        C        D        E       F      G
               +--------+--------+--------+--------+--------+-----+--------+
         Total |    192 |    192 |      0 |      7 |      0 |   1 |  192.0 |
       Dungeon |    192 |    192 |      0 |      7 |      0 |   1 |  192.0 |
               +--------+--------+--------+--------+--------+-----+--------+

Top non-repeatable levels by time:
     D:1: 192 daAuts
